 Dungeon Crawl Stone Soup version 0.30.0-16-gbe6223bb7e (webtiles) character file.

Game seed: 1187423590937330005

723 domi the Chopper (level 7, -5/73 (94) HPs)
             Began as a Minotaur Berserker on May 20, 2023.
             Was a Believer of Trog.
             Slain by Duvessa
             ... wielding a +6 short sword of draining
              (7 damage)
             ... on level 5 of the Dungeon.
             The game lasted 00:03:37 (2969 turns).

domi the Chopper (Minotaur Berserker)               Turns: 2969, Time: 00:03:38

HP:   -5/73 (94)    AC:  8    Str: 24    XL:     7   Next: 43%
MP:   6/6           EV: 10    Int: 10    God:    Trog [**....]
Gold: 152           SH:  0    Dex:  9    Spells: 6/6 levels left

rFire   . . .        a - +0 hand axe
rCold   . . .        (no shield)
rNeg    . . .        z - +0 scale mail
rPois   .            (helmet restricted)
rElec   .            (no cloak)
rCorr   .            (no gloves)
SInv    .            d - +0 pair of boots
Will    .....        (no amulet) Stlth
                     n - +6 ring of intelligence
HPRegen 0.32/turn    (no ring)
MPRegen 0.10/turn

%: no passive effects
@: berserking, heavily drained, very quick
A: horns 2, retaliatory headbutt
a: Renounce Religion, Berserk, Trog's Hand


You were on level 5 of the Dungeon.
You worshipped Trog.
Trog was pleased with you.
You visited 1 branch of the dungeon, and saw 5 of its levels.

You collected 152 gold pieces.

Inventory:

Hand Weapons
 a - a +0 hand axe (weapon)
Missiles
 t - 4 curare-tipped darts {=f}
Armour
 d - a +0 pair of boots (worn)
   (You found it on level 1 of the Dungeon)
 z - a +0 scale mail (worn)
   (You found it on level 5 of the Dungeon)
Jewellery
 n - a +6 ring of intelligence (left hand)
   (You found it on level 3 of the Dungeon)
Wands
 v - a wand of polymorph (12)
   (You found it on level 4 of the Dungeon)
 y - a wand of digging (3)
   (You found it on level 4 of the Dungeon)
Scrolls
 b - 2 scrolls of vulnerability {unknown}
 e - 3 scrolls of teleportation {unknown}
 l - 3 scrolls of identify {unknown}
 o - a scroll of blinking {unknown}
 p - a scroll of poison {unknown}
 q - a scroll of magic mapping {unknown}
 w - a scroll of enchant weapon {unknown}
 x - a scroll of silence {unknown}
Potions
 c - 3 potions of might {unknown}
 f - 2 potions of mutation {unknown}
 g - 4 potions of haste {unknown}
 h - a potion of invisibility {unknown}
 i - a potion of flight {unknown}
 j - 3 potions of curing {unknown}
 k - 3 potions of brilliance {unknown}
 r - 2 potions of degeneration {unknown}
 s - a potion of lignification {unknown}
 u - a potion of ambrosia {unknown}


   Skills:
 + Level 6.1 Fighting
 * Level 7.9 Axes
 + Level 5.4 Armour
 - Level 2.1 Dodging


You had 6 spell levels left.
You didn't know any spells.
Your spell library was empty.

Dungeon Overview and Level Annotations

Branches:
Dungeon (5/15)
 Temple: D:4-7

Altars:
Ashenzari
Xom
Zin

Shops:
D:2 (   D:4 *

Annotations:
D:3 1 runed translucent door
D:5 Duvessa


Innate Abilities, Weirdness & Mutations

You have a pair of horns on your head.
You reflexively headbutt those who attack you in melee.


Message History

There is a stone staircase leading down here.
You climb downwards.
There is a stone staircase leading up here.
You see here a +0 ring mail.
A jelly comes into view.
The jelly quivers.
A jelly is nearby!
A jelly is nearby!
A jelly is nearby!
The jelly hits you but does no damage.
A jelly is nearby!
You hit the jelly but do no damage.
Your hands burn!
The jelly hits you but does no damage.
You barely miss the jelly. You hit the jelly.
Your hands burn!
You headbutt the jelly. The jelly hits you. The acid corrodes you!
You are splashed with acid.
You hit the jelly. The acid corrodes you!
Your hands burn!
Your headbutt misses the jelly. The jelly hits you.
You are splashed with acid!
You are too injured to fight recklessly!
You are too injured to fight recklessly!
You are too injured to fight recklessly!
You hit the jelly.
You kill the jelly!
Trog accepts your kill.
You start resting.
You are no longer corroded.
You start resting.
You see here a +0 scale mail.
z - a +0 scale mail You start removing your armour.
You continue taking off your +0 ring mail. x4
You finish taking off your +0 ring mail.
You start putting on your armour.
You continue putting on your +0 scale mail. x5
You finish putting on your +0 scale mail.
You drop a +0 ring mail.
You see here a +0 ring mail.
m - a +0 ring mail You start removing your armour.
You continue taking off your +0 scale mail. x4
You finish taking off your +0 scale mail.
You start putting on your armour.
You continue putting on your +0 ring mail. x5
You finish putting on your +0 ring mail.
You start removing your armour.
You continue taking off your +0 ring mail. x4
You finish taking off your +0 ring mail.
You start putting on your armour.
You continue putting on your +0 scale mail. x5
You finish putting on your +0 scale mail.
You drop a +0 ring mail.
Found a stone staircase leading up.
Duvessa, Sister of Dowan comes into view.
She is wielding a +6 short sword of draining.
Duvessa shouts!
You hear a shout!
Dowan, Brother of Duvessa comes into view.
He is wielding a +0 dagger.
You barely miss Duvessa. You punch Duvessa, but do no damage.
Duvessa hits you with a +6 short sword of draining!
You feel drained.
You hit Duvessa but do no damage. Your headbutt misses Duvessa.
Duvessa hits you with a +6 short sword of draining.
You feel drained. Dowan gestures at you while chanting.
You resist with some effort.
You barely miss Duvessa. You headbutt Duvessa, but do no damage.
Duvessa hits you with a +6 short sword of draining.
You feel drained.
A red film seems to cover your vision as you go berserk!
You feel yourself moving faster!
You feel mighty!
Duvessa hits you with a +6 short sword of draining!
You feel drained. Dowan barely misses you.
You barely miss Duvessa. Your headbutt misses Duvessa. You closely miss Dowan.
Duvessa hits you with a +6 short sword of draining.
You feel drained. Dowan hits you but does no damage.
You slash Duvessa! You hit Dowan. You hit Duvessa but do no damage.
You slash Dowan! Duvessa hits you but does no damage.
You feel drained. Dowan hits you with a +0 dagger.
You barely miss Duvessa. You slash Dowan!
Duvessa hits you with a +6 short sword of draining!
You feel drained. Dowan hits you with a +0 dagger.
You hit Duvessa but do no damage. You headbutt Duvessa! You closely miss Dowan.
You closely miss Duvessa. You slash Dowan!
You kill Dowan!
Trog accepts your kill.
Trog appreciates your killing of a magic user.
Duvessa screams, "No!
How DARE you!"
Duvessa goes berserk!
Duvessa hits you with a +6 short sword of draining!
* * * LOW HITPOINT WARNING * * *
You feel drained.
* * * LOW HITPOINT WARNING * * *
You slash Duvessa! You headbutt Duvessa.
Duvessa hits you with a +6 short sword of draining!
* * * LOW HITPOINT WARNING * * *
You feel drained.
You die...

#.#.#.....#.##.#
#.#.#[###.#.##.#
#.#.#.#<..#.##.#
#.#.#.#####.##.#
#.#.#.......##.# .
#.#.............
...######.#......[......
..........#.............
......)@..#.............
......e...#.............
#.........#[............
#.....).??#.##########.#
#!........#. #.#
#.........# #
#.........# ........!!#


You could see Duvessa (berserk).

Vanquished Creatures
  The ghost of GloriousHammer the Trooper, an amateur OgCA of Ignis (D:3)
  A centaur (D:4)
  Dowan (D:5)
  2 hounds (D:4)
  2 orc priests (D:3)
  A jelly (D:5)
  An iguana (D:4)
  3 adders
  4 gnolls (D:4)
  A river rat (D:3)
  A shadow imp (D:3)
  A worm (D:3)
  4 dart slugs
  6 orcs
  4 ball pythons
  6 bats
  8 endoplasms
  3 giant cockroaches
  8 hobgoblins
  3 jackals (D:1)
  5 quokkas
  A frilled lizard (D:1)
  4 goblins
  3 kobolds
  3 rats
77 creatures vanquished.

Notes
Turn   | Place    | Note
-------+----------+-------------------------------------------
     0 | D:1      | domi the Minotaur Berserker began the quest for the Orb.
     0 | D:1      | Reached XP level 1. HP: 19/19 MP: 0/0
   128 | D:1      | Reached skill level 4 in Axes
   163 | D:1      | Reached XP level 2. HP: 25/27 MP: 1/1
   292 | D:1      | Reached skill level 4 in Fighting
   318 | D:1      | Reached skill level 3 in Armour
   367 | D:1      | Reached XP level 3. HP: 28/33 MP: 2/2
   774 | D:2      | Reached ** piety under Trog
   940 | D:2      | Found Arphoud's Antique Weapon Shoppe.
  1206 | D:3      | Found a shimmering altar of Xom.
  1254 | D:3      | Found a glowing silver altar of Zin.
  1262 | D:3      | Reached XP level 4. HP: 29/41 MP: 3/3
  1289 | D:3      | Reached skill level 5 in Axes
  1427 | D:3      | Reached XP level 5. HP: 20/47 MP: 4/4
  1756 | D:3      | Found a runed translucent door.
  1757 | D:3      | Noticed GloriousHammer's ghost (amateur OgCA)
  1777 | D:3      | Found a runed translucent door.
  1805 | D:3      | Killed GloriousHammer's ghost
  1806 | D:3      | Reached skill level 5 in Fighting
  1806 | D:3      | Reached skill level 6 in Axes
  1806 | D:3      | Reached skill level 4 in Armour
  1806 | D:3      | Reached XP level 6. HP: 45/56 MP: 5/5
  1924 | D:4      | Reached skill level 7 in Axes
  1927 | D:4      | Reached skill level 5 in Armour
  1927 | D:4      | Reached XP level 7. HP: 59/62 MP: 6/6
  2400 | D:4      | Found a broken altar of Ashenzari.
  2575 | D:4      | Found Petokhlisch's General Store.
  2584 | D:4      | Reached *** piety under Trog
  2585 | D:4      | Reached skill level 6 in Fighting
  2750 | D:5      | Entered Level 5 of the Dungeon
  2956 | D:5      | Noticed Duvessa
  2956 | D:5      | Noticed Dowan
  2968 | D:5      | Killed Dowan
  2968 | D:5      | HP: 18/76 [Duvessa/+6 short sword of draining (8)]
  2969 | D:5      | HP: 2/78 [Duvessa/+6 short sword of draining (15)]
  2969 | D:5      | Slain by Duvessa

Illustrated notes

Levels and vault maps discovered:
D:1:      giann_bridges, layout_loops_ring, minmay_pentomino_r4
D:2:      layout_basic, serial_shops, nicolae_shop_advertising_works
          [nicolae_subvault_shop_adworks]
D:3:      layout_basic, lemuel_round_altar, zin_academy, ebering_ghost_sewer_f
D:4:      layout_loops_ring, mainiacjoe_overflow_alcove_4,
          kennysheep_small_circle
D:5:      layout_basic, uniq_duvessa

Skill      XL: |  1  2  3  4  5  6  7 |
---------------+----------------------+-----
Axes           | 4 5 6 7 |  7.9
Fighting       | 4 5 6 |  6.1
Armour         | 3 4 5 |  5.4
Dodging        | |  2.1

Action                     |  1- 3 |  4- 6 |  7- 9 || total
---------------------------+-------+-------+-------++-------
  Melee: Hand axe          |    85 |    41 |    59 ||   185
         Headbutt          |    12 |    11 |    13 ||    36
         Punch             |       |       |     1 ||     1
 Invoke: Berserk           |       |     1 |     1 ||     2
 Armour: Animal skin       |    13 |       |       ||    13
         Ring mail         |     4 |    12 |     9 ||    25
         Scale mail        |       |       |     2 ||     2
  Dodge: Dodged            |    52 |    22 |    25 ||    99

Levels and vault maps discovered:
D:1:      giann_bridges, layout_loops_ring, minmay_pentomino_r4
D:2:      layout_basic, serial_shops, nicolae_shop_advertising_works
          [nicolae_subvault_shop_adworks]
D:3:      layout_basic, lemuel_round_altar, zin_academy, ebering_ghost_sewer_f
D:4:      layout_loops_ring, mainiacjoe_overflow_alcove_4,
          kennysheep_small_circle
D:5:      layout_basic, uniq_duvessa

Table legend: (Time is in decaauts)
 A = Elapsed time spent in this place.
 B = Non-inter-level travel time spent in this place.
 C = Inter-level travel time spent in this place.
 D = Time resting spent in this place.
 E = Time spent auto-exploring this place.
 F = Levels seen in this place.
 G = Mean time per level.
                   A        B        C        D        E       F      G
               +--------+--------+--------+--------+--------+-----+--------+
         Total |   2983 |   2909 |     74 |    226 |   2215 |   5 |  596.6 |
       Dungeon |   2983 |   2909 |     74 |    226 |   2215 |   5 |  596.6 |
               +--------+--------+--------+--------+--------+-----+--------+

Top non-repeatable levels by time:
     D:4: 833 daAuts
     D:3: 787 daAuts
     D:1: 643 daAuts
     D:2: 503 daAuts
     D:5: 216 daAuts

Table legend:
 A = Kills in this place as a percentage of kills in the entire game.
 B = Kills by you in this place as a percentage of kills by you in the entire game.
 C = Kills by friends in this place as a percentage of kills by friends in the entire game.
 D = Other kills in this place as a percentage of other kills in the entire game.
 E = Experience gained in this place as a percentage of experience gained in the entire game.
 F = Experience gained in this place divided by the number of levels of this place that you have seen.
                   A       B       C       D       E      F
               +-------+-------+-------+-------+-------+----------------------
         Total | 100.0 | 100.0 |   N/A |   N/A | 100.0 | 206.8
       Dungeon | 100.0 | 100.0 |   N/A |   N/A | 100.0 | 206.8
               +-------+-------+-------+-------+-------+----------------------
